Map: Frost LE

Players

corrbl

  • Race: Protoss Protoss
  • League: Gold
  • Spawn Location: 11:00

Fropez - Winner!

  • Race: Protoss Protoss
  • League: Gold
  • Spawn Location: 1:00

VOD

Have the link to the VOD?

Description

Time

  • Played on: Sept. 9, 2016, 12:06 p.m.
  • Length: 12:59
Show
View Real Time Build Order
Export as new Build Order

corrbl Protoss 

Build Orders:  

Get SALT Encoding   

  12  0:01  Probe (Chrono Boost)  
  13  0:11  Probe (Chrono Boost)  
  14  0:22  Probe (Chrono Boost)  
  14  0:25  Pylon  
  15  0:43  Probe (Chrono Boost)  
  16  0:54  Probe (Chrono Boost)  
  17  1:06  Nexus  
  17  1:16  Pylon  
  17  1:28  Gateway  
  17  1:32  Forge, Probe (Chrono Boost)  
  18  1:41  Assimilator  
  18  1:43  Probe (Chrono Boost)  
  19  1:48  Assimilator  
  19  1:54  Probe (Chrono Boost)  
  20  2:05  Probe (Chrono Boost)  
  21  2:15  Zealot  
  23  2:19  Pylon  
  24  2:23  Probe (Chrono Boost)  
  24  2:27  Probe (Chrono Boost)  
  25  2:33  Probe (Chrono Boost)  
  26  2:38  Cybernetics Core  
  26  2:39  Pylon  
  26  2:44  Probe (Chrono Boost)  
  27  2:50  Zealot  
  29  3:01  Photon Cannon  
  29  3:03  Warp Gate (Chrono Boost)  
  29  3:06  Probe x2 (Chrono Boost)  
  31  3:15  Probe  
  31  3:17  Probe  
  31  3:18  Protoss Ground Weapons Level 1 (Chrono Boost)  
  33  3:26  Sentry  
  35  3:29  Probe  
  36  3:35  Probe  
  36  3:38  Assimilator  
  36  3:40  Assimilator  
  36  3:41  Probe  
  38  3:47  Probe  
  39  3:52  Pylon  
  39  3:53  Probe  
  40  3:59  Sentry  
  42  4:03  Twilight Council  
  42  4:05  Probe x2  
  44  4:17  Probe x2  
  45  4:24  Robotics Facility  
  45  4:29  Probe x2  
  42  4:41  Probe x2  
  42  4:45  Pylon  
  44  4:53  Probe x2  
  44  4:55  Photon Cannon  
  44  4:57  Protoss Ground Armor Level 1 (Chrono Boost)  
  46  5:05  Probe  
  47  5:12  Gateway  
  47  5:13  Gateway  
  47  5:14  Stalker  
  47  5:17  Observer  
  49  5:26  Probe x2  
  45  5:38  Probe x2  
  45  5:50  Probe x2  
  45  5:55  Warp Prism  
  49  6:02  Probe x2  
  49  6:03  Dark Shrine  
  51  6:14  Pylon, Probe  
  51  6:27  Probe x2  
  51  6:31  Stalker x3  
  58  6:39  Probe  
  57  6:48  Probe  
  57  6:51  Probe  
  57  6:52  Photon Cannon  
  59  7:00  Probe  
  60  7:03  Probe  
  61  7:12  Nexus, Probe  
  62  7:16  Probe  
  63  7:28  Probe x2  
  65  7:40  Probe  
  66  7:50  Dark Templar  
  66  7:51  Dark Templar x2  
  72  8:08  Probe x2, Assimilator  
  74  8:13  Pylon  
  74  8:20  Probe x2, Dark Templar x2  
  74  8:23  Dark Templar  
  82  8:32  Probe  
  77  9:29  Dark Templar x2  
  77  9:30  Probe, Zealot  
  77  9:37  Assimilator  
  78  9:38  Immortal  
  78  9:40  Protoss Ground Weapons Level 2  
  78  9:41  Probe  
  83  9:52  Probe  
  83  9:53  Zealot  
  83  9:55  Charge  
  84  10:01  Gateway x2  
  84  10:02  Probe  
  84  10:04  Gateway  
  83  10:10  Probe  
  83  10:13  Probe  
  81  10:17  Photon Cannon  
  81  10:22  Probe  
  81  10:23  Robotics Facility  
  81  10:25  Robotics Facility  
  81  10:34  Probe  
  81  10:46  Probe  
  81  10:49  Dark Templar x3  
  88  10:53  Immortal  
  92  10:58  Probe  
  92  11:00  Probe  
  94  11:10  Probe  
  88  11:18  Dark Templar x2  
  88  11:19  Dark Templar  
  74  11:33  Sentry x3  
  71  12:06  Probe  
  70  12:17  Probe  
  65  12:27  Probe  
  52  12:38  Probe  
  52  12:39  Probe x2  
Show
View Real Time Build Order
Export as new Build Order

Fropez Protoss - Winner!

Build Orders: 1 Gate Expand, Oracle Opening 

Get SALT Encoding   

  12  0:04  Probe (Chrono Boost)  
  13  0:17  Pylon  
  13  0:24  Probe (Chrono Boost)  
  14  0:35  Probe (Chrono Boost)  
  15  0:45  Probe (Chrono Boost)  
  15  0:46  Gateway  
  16  1:15  Nexus  
  16  1:24  Pylon  
  16  1:25  Probe (Chrono Boost)  
  17  1:37  Probe (Chrono Boost)  
  17  1:38  Pylon  
  18  1:46  Assimilator  
  18  1:48  Probe (Chrono Boost)  
  18  1:53  Assimilator  
  19  2:02  Probe (Chrono Boost)  
  20  2:08  Cybernetics Core  
  20  2:13  Probe (Chrono Boost)  
  21  2:28  Gateway  
  21  2:33  Pylon  
  21  2:34  Probe (Chrono Boost)  
  22  2:48  Stargate  
  22  2:51  Probe (Chrono Boost)  
  23  3:01  Mothership Core (Chrono Boost)  
  23  3:03  Warp Gate (Chrono Boost)  
  25  3:06  Pylon  
  25  3:07  Probe (Chrono Boost)  
  26  3:20  Probe  
  26  3:25  Pylon  
  27  3:38  Oracle (Chrono Boost)  
  30  3:41  Probe  
  30  3:47  Assimilator  
  31  3:49  Probe  
  31  3:50  Assimilator  
  31  3:53  Probe  
  33  4:01  Probe  
  34  4:05  Pylon  
  34  4:06  Probe  
  35  4:14  Oracle (Chrono Boost)  
  41  4:45  Oracle (Chrono Boost)  
  41  4:49  Probe  
  42  4:53  Twilight Council  
  42  4:54  Probe  
  42  4:56  Gateway  
  42  4:59  Gateway  
  43  5:01  Probe  
  44  5:49  Gateway  
  44  5:50  Pylon  
  44  5:52  Pylon, Blink (Chrono Boost)  
  44  5:53  Probe x2  
  46  6:01  Forge  
  46  6:15  Nexus  
  43  6:47  Photon Cannon  
  43  6:52  Probe  
  43  6:53  Probe  
  45  6:54  Robotics Facility  
  45  6:58  Pylon  
  45  7:01  Pylon  
  45  7:02  Pylon  
  45  7:04  Probe  
  45  7:06  Pylon  
  46  7:14  Pylon  
  46  7:22  Gateway  
  46  7:23  Assimilator  
  46  7:25  Assimilator  
  46  7:27  Gateway, Photon Cannon  
  46  7:31  Pylon, Zealot x2  
  46  7:32  Gateway, Zealot  
  46  7:33  Gateway  
  47  7:41  Probe, Photon Cannon  
  47  7:43  Forge  
  46  7:50  Immortal  
  50  8:04  Probe x2  
  52  8:06  Stalker x3  
  58  8:22  Stalker x2  
  62  8:31  Photon Cannon  
  62  8:34  Photon Cannon  
  62  8:39  Photon Cannon  
  51  8:44  Stalker x2  
  51  8:45  Observer (Chrono Boost)  
  56  8:54  Stalker  
  56  8:55  Stalker  
  60  9:10  Stalker x3  
  66  9:43  Cybernetics Core  
  66  9:45  Probe  
  66  9:46  Probe  
  68  9:57  Gateway  
  68  9:59  Gateway  
  68  10:03  Pylon, Gateway  
  68  10:30  Stalker x3  
  74  10:37  Observer (Chrono Boost)  
  75  10:46  Probe  
  75  10:47  Probe  
  77  11:38  Stalker x6  
  89  11:41  Observer (Chrono Boost)  
  82  12:03  Stalker  
  82  12:04  Stalker x5  
  84  12:35  Zealot  
  84  12:36  Zealot x5  
Tags
 
League
GoldGold
Matchup
PvP
Replay Pack
All Mines
Spawn Locations
Close Positions
Add a new tag
Caveats
  • Supply blocks, unpowered buildings, or Contaminate may cause inaccurate times.
  • Supply counts are checked every 10 seconds.